 Dungeon Crawl Stone Soup version 0.17.0-9-g801d43b (console) character file.

128 gw the Insei (level 5, -2/41 HPs)
             Began as a Human Monk on Nov 9, 2015.
             Slain by an orc
             ... wielding a +0 flail
              (4 damage)
             ... on level 4 of the Dungeon.
             The game lasted 00:03:43 (4513 turns).

gw the Insei (Human Monk)                           Turns: 4513, Time: 00:03:43

Health: -2/41      AC: 11    Str: 11    XL:     5   Next: 33%
Magic:  5/5        EV:  3    Int: 11    God:
Gold:   176        SH:  0    Dex: 16    Spells: 0 memorised, 4 levels left

rFire  . . .     SeeInvis .       - Unarmed
rCold  . . .     Clarity  .     e - +0 plate armour
rNeg   . . .     SustAt   .     (no shield)
rPois  .         Gourm    .     (no helmet)
rElec  .         Spirit   .     (no cloak)
rCorr  .         Warding  .     (no gloves)
rMut   .         Stasis   .     (no boots)
MR     .....                    (no amulet)
Stlth  ..........               (no ring)
                                (no ring)

@: not resistant to hostile enchantments, extremely unstealthy
A: no striking features
a: no special abilities


You were on level 4 of the Dungeon.
You were near starving.

You visited 1 branch of the dungeon, and saw 4 of its levels.

You collected 176 gold pieces.

Inventory:

Missiles
 c - 155 stones (quivered)
 d - 20 sling bullets
Armour
 e - a +0 plate armour (worn)
Comestibles
 b - 4 bread rations


   Skills:
 + Level 3.6 Fighting
 + Level 2.2 Armour
 - Level 3.0 Dodging
 - Level 2.0 Stealth
 * Level 5.3 Unarmed Combat


You had 4 spell levels left.
You didn't know any spells.

Dungeon Overview and Level Annotations

Branches:
Dungeon (4/15)
 Temple: D:4-7

Altars:
Ashenzari
Vehumet
Yredelemnul

Annotations:
D:2 exclusion: 2 downstairs
D:3 BoastOfToast's ghost, amateur VSFi


Message History

Unknown command.
Unknown command.
MOVING TO (0,1) Unknown command.
Unknown command.
Unknown command.
ATTACK MOVE TO (0,-1)
You punch the orc!
You kill the orc!
You are near starving!
Unknown command.
Unknown command.
Unknown command.
Unknown command.
ATTACK MOVE TO (0,-1)
You hit the orc.
The orc is moderately wounded.
The orc wizard casts a spell.
The orc wizard blinks!
The orc hits you with a flail.
You die...

...# #######...#
#.........#
#..P.P.#+##
#..._.....########
#..P.P............
#.....¤.........=.
#o#.##............
#p...¤............
######............
#............
#............
.....###'######
.....#....
#.....#.....
#.....####).# ...
..#


You could see an orc.

Table legend:
 A = Turns spent in this place as a percentage of turns spent in the entire game.
 B = Non-inter-level travel turns spent in this place as a percentage of non-inter-level travel turns spent in the entire game.
 C = Inter-level travel turns spent in this place as a percentage of turns spent in this place.
 D = Turns resting spent in this place as a percentage of non-inter-level travel turns spent in this place.
 E = Turns spent auto-exploring this place as a percentage of non-inter-level travel turns spent in this place.
 F = Non-inter-level travel turns spent in this place divided by the number of levels of this place that you've seen.
                   A       B       C       D       E      F
               +-------+-------+-------+-------+-------+----------------------
         Total | 100.0 | 100.0 |   0.5 |   1.2 |   2.1 | 1335.5
       Dungeon | 100.0 | 100.0 |   0.5 |   1.2 |   2.1 | 1335.5
               +-------+-------+-------+-------+-------+----------------------

Table legend:
 A = Kills in this place as a percentage of kills in entire the game.
 B = Kills by you in this place as a percentage of kills by you in the entire game.
 C = Kills by friends in this place as a percentage of kills by friends in the entire game.
 D = Other kills in this place as a percentage of other kills in the entire game.
 E = Experience gained in this place as a percentage of experience gained in the entire game.
 F = Experience gained in this place divided by the number of levels of this place that you have seen.
                   A       B       C       D       E      F
               +-------+-------+-------+-------+-------+----------------------
         Total | 100.0 | 100.0 |  -nan |  -nan | 100.0 |  45.8
       Dungeon | 100.0 | 100.0 |  -nan |  -nan | 100.0 |  45.8
               +-------+-------+-------+-------+-------+----------------------

Vanquished Creatures
  A worker ant (D:4)
  3 adders
  A gnoll (D:1)
  2 oozes
  A worm (D:3)
  3 orcs
  2 giant cockroaches
  12 hobgoblins
  5 jackals
  A quokka (D:3)
  A ball python (D:1)
  4 bats
  3 giant newts
  5 goblins
  7 kobolds
  3 rats
54 creatures vanquished.

Notes
Turn   | Place    | Note
--------------------------------------------------------------
     0 | D:1      | gw the Human Monk began the quest for the Orb.
     0 | D:1      | Reached XP level 1. HP: 18/18 MP: 1/1
   430 | D:1      | Reached XP level 2. HP: 20/24 MP: 2/2
   433 | D:1      | Reached skill level 1 in Armour
   843 | D:1      | Reached XP level 3. HP: 16/29 MP: 3/3
  2076 | D:2      | Reached XP level 4. HP: 35/35 MP: 4/4
  2355 | D:2      | Found a radiant altar of Vehumet.
  2735 | D:2      | Reached skill level 5 in Unarmed Combat
  3010 | D:3      | Found a shattered altar of Ashenzari.
  3604 | D:3      | Noticed BoastOfToast's ghost (amateur VSFi)
  3831 | D:3      | Reached XP level 5. HP: 37/41 MP: 5/5
  4495 | D:4      | Found a basalt altar of Yredelemnul.
  4507 | D:4      | HP: 1/41 [orc wizard/magic dart (10)]
  4513 | D:4      | Slain by an orc

Action                   |  1- 3 |  4- 6 || total
-------------------------+-------+-------++-------
Melee: Unarmed           |    97 |   127 ||   224
Throw: Stone             |    38 |       ||    38
 Stab: Sleeping          |     1 |       ||     1
  Eat: Chunk             |     3 |     7 ||    10

Vault maps used:
D:1:      dpeg_arrival_morbid_curiosity
D:2:      vehumet_crystals
D:3:      first_bread, cheibrodos_ashenzari_chains
D:4:      yredelemnul_altar_generic, kennysheep_generic_room_7
